 Dungeon Crawl Stone Soup version 0.29-a0-504-gec6baf379c (webtiles) character file.

Game seed: 13525613127054143481

710 Colgate the Covert (level 8, -1/46 HPs)
             Began as a Kobold Brigand on May 28, 2022.
             Was a Believer of Uskayaw.
             Slain by an ogre
             ... wielding a +0 giant club
              (27 damage)
             ... on level 5 of the Dungeon.
             The game lasted 00:18:54 (7292 turns).

Colgate the Covert (Kobold Brigand)                 Turns: 7292, Time: 00:18:55

Health: -1/46      AC:  8    Str:  7    XL:     8   Next: 0%
Magic:  10/10      EV: 15    Int: 16    God:    Uskayaw [**....]
Gold:   215        SH:  0    Dex: 21    Spells: 7/7 levels left

rFire   . . .      SeeInvis .   b - +7 hand axe of Slime {vamp, Str-2 Int+4 Dex+3}
rCold   . . .      Faith    .   (no shield)
rNeg    . . .      Spirit   .   D - +0 robe
rPois   .          Reflect  .   q - +0 helmet
rElec   .          Harm     .   c - +0 cloak
rCorr   .          Rampage  .   E - +2 pair of gloves
Will    .....                   w - +0 pair of boots
Stlth   +++++.....              (no amulet)
HPRegen 0.15/turn               (no ring)
MPRegen 0.12/turn               (no ring)

@: no status effects
A: small, no large weapons, nightstalker 3
a: Renounce Religion, Stomp, Line Pass


You were on level 5 of the Dungeon.
You worshipped Uskayaw.
Uskayaw was noncommittal.
You visited 2 branches of the dungeon, and saw 6 of its levels.

You collected 215 gold pieces.

Inventory:

Hand Weapons
 a - a +2 dagger
 b - the +7 hand axe of Slime (weapon) {vamp, Str-2 Int+4 Dex+3}
   (You found it on level 5 of the Dungeon)

   It occasionally heals its wielder for a portion of the damage dealt when it
   wounds a living foe.
   Str:       It affects your strength (-2).
   Int:       It affects your intelligence (+4).
   Dex:       It affects your dexterity (+3).
 h - a +0 short sword
Missiles
 d - 14 poisoned darts (quivered)
 e - 3 curare-tipped darts
 x - 8 boomerangs
Armour
 c - a +0 cloak (worn)
 f - an orb of energy
 q - a +0 helmet (worn)
 w - a +0 pair of boots (worn)
 D - a +0 robe (worn)
 E - a +2 pair of gloves (worn)
Jewellery
 C - a ring of resist corrosion
Wands
 u - a wand of flame (17)
 v - a wand of polymorph (7)
 y - a wand of acid (9) {@v1}
Scrolls
 g - a scroll of amnesia {unknown}
 j - a scroll of fear {unknown}
 k - 2 scrolls of magic mapping {unknown}
 o - a scroll of blinking {unknown}
 p - a scroll of enchant weapon {unknown}
 r - 3 scrolls of vulnerability
 t - a scroll of poison {unknown}
 A - a scroll of fog
 B - a scroll of identify {unknown}
Potions
 i - a potion of lignification {unknown}
 l - 2 potions of curing {unknown}
 m - a potion of brilliance {unknown}
 n - a potion of heal wounds {unknown}
 s - 2 potions of degeneration {unknown}
 z - a potion of might {unknown}


   Skills:
 - Level 3.0 Fighting
 + Level 6.3 Short Blades
 - Level 2.1 Throwing
 - Level 2.0 Dodging
 - Level 8.0 Stealth
 - Level 3.2 Invocations
 - Level 4.2 Evocations


You had 7 spell levels left.
You didn't know any spells.
Your spell library contained the following spells:

 Spells                   Type           Power      Damage    Failure   Level
 Necrotize                Necr           0%         1d4       26%         1
 Vampiric Draining        Necr           0%         2d6       58%         3
 Agony                    Necr           0%         N/A       100%        5


Dungeon Overview and Level Annotations

Branches:
Dungeon (5/15)             Temple (1/1) D:5

Altars:
Ashenzari
Cheibriados
Dithmenos
Elyvilon
Fedhas
Gozag
Hepliaklqana
Kikubaaqudgha
Makhleb
Nemelex Xobeh
Okawaru
Qazlal
Ru
Sif Muna
Trog
Uskayaw
Vehumet
Wu Jian
Yredelemnul
Zin
The Shining One


Innate Abilities, Weirdness & Mutations

You are small and have problems with some larger weapons.
You are completely attuned to the shadows.


Message History

The adder bites you but does no damage.
You barely miss the adder. The adder closely misses you.
You barely miss the adder.
The adder bites you but does no damage. x2
You hit the adder.
You kill the adder!
You have reached level 8!
You feel the dreadful sensation subside.
a - a +2 dagger (weapon)
No target in view!
Found a shiny orb.
You see here an orb of energy.
f - an orb of energy Unknown command.
No target in view!
You see here a +0 giant club.
An ogre comes into view. It is wielding a +0 giant club.
An ogre is nearby!
There is a stone staircase leading up here.
An ogre is nearby!
You barely miss the ogre.
The ogre shouts!
The ogre hits you with a +0 giant club.
An ogre is nearby!
You feel weaker.
You feel clever.
You feel agile.
You feel a sense of dread.
b - the +7 hand axe of Slime (weapon)
{vamp, Str-2 Int+4 Dex+3} You barely miss the ogre.
The ogre closely misses you.
You barely miss the ogre. The ogre barely misses you.
You hit the ogre.
You feel better.
You hit the ogre.
You feel better.
The ogre hits you with a +0 giant club!!
Ouch! That really hurt!
You are too injured to fight recklessly!
You slash the ogre!
You feel better. The ogre closely misses you.
You can now pass through a line of other dancers.
You completely miss the ogre.
The ogre hits you with a +0 giant club!!
Ouch! That really hurt!
You die...

...........# ##.#
.###.#####.# # #.#
......# #.# .+
+.#### ..###.#
#.###.# #.).)) ..#
#.####.....## ######
..###...........##
.......#####.....##
######### .......#
#......O# ##........
...†#### #..###@#
##+##..#..#### ..#.#
#..# #.#
#).........# # .##.#
#..###.#
##.....#...# # .##.#
#......#
##...##...### .# .#
##.##..#
##.......... ##
#.##..# #.###......
#.##..# #.# #.#.###
####..# #.# #.#.# #
+...######.###.#.###


You could see an ogre.

Vanquished Creatures
  An ogre (D:5)
  A necrophage (D:5)
  A killer bee (D:3)
  A jelly (D:5)
  2 gnoll shamans
  2 hounds
  Jessica (D:3)
  2 iguanas (D:5)
  Robin (D:2)
  9 gnolls
  9 adders
  An ufetubus (D:4)
  A worm (D:2)
  4 dart slugs
  4 orcs
  4 ball pythons
  4 bats
  6 endoplasms
  6 giant cockroaches
  21 goblins
  9 hobgoblins
  3 jackals (D:3)
  3 quokkas
  5 frilled lizards
  8 kobolds
  8 rats
117 creatures vanquished.

Notes
Turn   | Place    | Note
-------+----------+-------------------------------------------
     0 | D:1      | Colgate the Kobold Brigand began the quest for the Orb.
     0 | D:1      | Reached XP level 1. HP: 12/12 MP: 1/1
   154 | D:1      | Found a faded altar of an unknown god.
   159 | D:1      | Prayed at the altar of an unknown god.
   159 | D:1      | Became a worshipper of Uskayaw the Reveller
   159 | D:1      | Reached * piety under Uskayaw
   164 | D:1      | Reached ** piety under Uskayaw
   167 | D:1      | Reached XP level 2. HP: 12/17 MP: 2/2
   183 | D:1      | Reached *** piety under Uskayaw
   534 | D:1      | Reached XP level 3. HP: 22/22 MP: 3/3
  1057 | D:2      | Noticed Robin
  1387 | D:1      | Found a hide-covered altar of Uskayaw.
  1971 | D:2      | Reached skill level 6 in Stealth
  1971 | D:2      | Reached XP level 4. HP: 19/28 MP: 4/4
  2437 | D:2      | Killed Robin
  2438 | D:2      | Reached skill level 7 in Stealth
  2465 | D:2      | Reached XP level 5. HP: 30/32 MP: 5/5
  3856 | D:3      | Noticed Jessica
  3858 | D:3      | Killed Jessica
  3859 | D:3      | Reached skill level 5 in Short Blades
  4573 | D:3      | Reached XP level 6. HP: 34/37 MP: 6/6
  4756 | D:3      | Noticed Ijyb
  4760 | D:3      | Noticed Ijyb
  4760 | D:3      | Ijyb changed into Ijyb the killer bee
  4774 | D:3      | Killed Ijyb the killer bee
  5156 | D:4      | Reached skill level 1 in Evocations
  5332 | D:4      | Reached skill level 1 in Invocations
  6242 | D:5      | Entered Level 5 of the Dungeon
  6320 | D:5      | Found a staircase to the Ecumenical Temple.
  6326 | Temple   | Entered the Ecumenical Temple
  6739 | D:5      | Reached XP level 7. HP: 41/41 MP: 4/9
  6840 | D:5      | Identified the +7 hand axe of Slime {vamp, Str-2 Int+4
                  | Dex+3}
  6948 | D:5      | Reached skill level 8 in Stealth
  6977 | D:5      | Reached **** piety under Uskayaw
  7214 | D:5      | Reached XP level 8. HP: 46/46 MP: 10/10
  7292 | D:5      | Slain by an ogre

Illustrated notes

Levels and vault maps discovered:
D:1:      evilmike_arrival_rings, layout_rooms,
          chequers_ecumenical_altar_simple, serial_park_tiny_1
D:2:      layout_basic, uniq_robin
D:3:      kennysheep_goblin_castle, layout_loops_ring, uniq_jessica
D:4:      layout_cave_pods, corexii_item_surrounded_by_moat
D:5:      layout_loops_ring, minmay_temple_entry_statues_fountains,
          dk_noncrumbling_4, corexii_mini_fake_secret_closet
Temple:   nicolae_temple_the_god_donut

Skill      XL: |  1  2  3  4  5  6  7 |
---------------+----------------------+-----
Short Blades   | 3 4 5 6 |  6.3
Fighting       | 3 |  3.0
Stealth        | 6 7 8 |  8.0
Dodging        | 2 |  2.0
Evocations     | 1 4 |  4.2
Invocations    | 2 3 |  3.2
Throwing       | |  2.1

Action                   |  1- 3 |  4- 6 |  7- 9 || total
-------------------------+-------+-------+-------++-------
Melee: Dagger            |    91 |   241 |    13 ||   345
       Short sword       |     3 |       |       ||     3
       Punch             |     1 |       |       ||     1
       Hand axe          |       |       |    22 ||    22
Throw: Dart              |       |     1 |     1 ||     2
Invok: Stomp             |       |     6 |       ||     6
Evoke: Wand              |       |     1 |       ||     1
  Use: Scroll            |       |     2 |       ||     2
 Stab: Sleeping          |    15 |    25 |    11 ||    51
       Distracted        |     1 |     2 |       ||     3
       Paralysed         |     1 |       |     1 ||     2
Armor: Robe              |    18 |    37 |     4 ||    59
Dodge: Dodged            |    64 |   162 |    19 ||   245

Table legend: (Time is in decaauts)
 A = Elapsed time spent in this place.
 B = Non-inter-level travel time spent in this place.
 C = Inter-level travel time spent in this place.
 D = Time resting spent in this place.
 E = Time spent auto-exploring this place.
 F = Levels seen in this place.
 G = Mean time per level.
                   A        B        C        D        E       F      G
               +--------+--------+--------+--------+--------+-----+--------+
         Total |   7211 |   6881 |    330 |    279 |   5674 |   6 | 1201.8 |
       Dungeon |   6844 |   6514 |    330 |    279 |   5377 |   5 | 1368.8 |
        Temple |    366 |    366 |      0 |      0 |    297 |   1 |  366.0 |
               +--------+--------+--------+--------+--------+-----+--------+

Top non-repeatable levels by time:
     D:1: 1932 daAuts
     D:3: 1716 daAuts
     D:2: 1381 daAuts
     D:4: 1185 daAuts
     D:5: 627 daAuts
  Temple: 366 daAuts
